[Event "Team 45 45 League T29"]
[Site "Internet Chess Club"]
[Date "2005.12.26"]
[Round "2"]
[White "rph"]
[Black "Beats20Cents"]
[Result "1-0"]
[WhiteElo "1825"]
[BlackElo "1739"]
[TimeControl "2700+45"]

1. d4 Nf6 2. c4 g6 3. Nc3 Bg7 4. e4 d6 5. Nge2 O-O 6. Ng3 e5 7. d5 a5 8. Be2 Na6
9. Be3 c6 10. Qd2 cxd5 11. cxd5 Nc7 12. O-O Bd7 13. Bb6 Qb8 14. Rac1 Nce8 15.
Rc2 Bg4 16. Bxg4 Nxg4 17. h3 Ngf6 18. Rfc1 Nd7 19. Be3 b5 20. a4 bxa4 21. Nxa4
Nef6 22. Rc7 Qb5 23. Qc2 Ne8 24. Rc6 f5 25. Nc3 Qb4 26. exf5 gxf5 27. Nxf5 Ndf6
28. Nxg7 Kxg7 29. Qd2 Qh4 30. f3 Kh8 31. Nb5 Rg8 32. Kh1 e4 33. fxe4 Nxe4 34.
Bd4+ N8f6 35. Bxf6+ Qxf6 36. Qd4 Qxd4 37. Nxd4 Nf2+ 38. Kh2 Nd3 39. R1c2 Rab8
40. Rxd6 Nxb2 41. Ra6 a4 42. d6 Rgd8 43. Nc6 Rbc8 44. Nxd8 Rxc2 45. Ne6 {Black
resigns} 1-0  aics%

[Event "Team 45 45 League T29"]
[Site "Internet Chess Club"]
[Date "2005.12.24"]
[Round "2"]
[White "twinders"]
[Black "room-matt"]
[Result "0-1"]
[WhiteElo "1785"]
[BlackElo "1852"]
[TimeControl "2700+45"]

1. d4 Nf6 2. c4 e5 3. dxe5 Ng4 4. Nf3 Bc5 5. e3 Nc6 6. Qd5 Qe7 7. Bd2 O-O 8. Bc3
Re8 9. Be2 Ngxe5 10. Nxe5 Nxe5 11. O-O a5 12. Bxe5 Qxe5 13. Qxe5 Rxe5 14. Nc3 d6
15. Rfd1 Be6 16. b3 Rd8 17. Bf3 b6 18. a3 Kf8 19. Na4 b5 20. Nxc5 Rxc5 21. cxb5
Rxb5 22. Rdc1 c5 23. Rab1 Rdb8 24. Rd1 Ke7 25. Bd5 Bxd5 26. Rxd5 Rxb3 27. Rbd1
R8b6 28. Ra1 Rxa3 29. Rdd1 Rxa1 30. Rxa1 c4 31. g3 Rb5 32. Ra4 d5 33. e4 c3 34.
exd5 c2 35. Re4+ Kd6 {White resigns} 0-1  aics%

[Event "Team 45 45 League T29"]
[Site "Internet Chess Club"]
[Date "2005.12.28"]
[Round "2"]
[White "MrKarma"]
[Black "clarinetref"]
[Result "1-0"]
[WhiteElo "1526"]
[BlackElo "1568"]
[TimeControl "2700+45"]

1. d4 Nf6 2. Nc3 g6 3. e4 d6 4. f4 Bg7 5. e5 dxe5 6. fxe5 Ng8 7. Nf3 Nh6 8. Bc4
O-O 9. O-O Nc6 10. Be3 Na5 11. Bd3 Nf5 12. Qd2 Nxe3 13. Qxe3 Nc6 14. Rf2 e6 15.
Raf1 b6 16. Ne4 Bb7 17. Nfg5 f5 18. exf6 Bxf6 19. Nxf6+ Kg7 20. Nxe6+ {Black
resigns} 1-0  aics%

[Event "Team 45 45 League T29"]
[Site "Internet Chess Club"]
[Date "2005.12.28"]
[Round "2"]
[White "rjml"]
[Black "forketta"]
[Result "1-0"]
[WhiteElo "1910"]
[BlackElo "1894"]
[TimeControl "2700+45"]

1. e4 c5 2. Nf3 d6 3. d4 cxd4 4. Nxd4 Nf6 5. Nc3 a6 6. Bg5 e6 7. f4 Be7 8. Qf3
Qc7 9. O-O-O Nbd7 10. g4 b5 11. Bxf6 Nxf6 12. g5 Nd7 13. f5 Bxg5+ 14. Kb1 Ne5
15. Qh5 Qe7 16. Nxe6 Bxe6 17. fxe6 g6 18. exf7+ Kxf7 19. Qe2 Kg7 20. Nd5 Qa7 21.
Qg2 Bh6 22. Be2 Rhf8 23. Rdf1 Kh8 24. h4 Rxf1+ 25. Rxf1 Rf8 26. c3 Rxf1+ 27.
Qxf1 Bg7 28. h5 gxh5 29. Bxh5 Nc4 30. Qg2 Ne3 31. Qg5 {Black forfeits on time}
1-0  aics%

[Event "Team 45 45 League T29"]
[Site "Internet Chess Club"]
[Date "2005.12.24"]
[Round "2"]
[White "crapalot"]
[Black "MaunaKeaMike"]
[Result "1-0"]
[WhiteElo "1884"]
[BlackElo "1739"]
[TimeControl "2700+45"]

1. d4 Nf6 2. Nf3 d5 3. c4 g6 4. Nc3 Bg7 5. cxd5 Nxd5 6. e4 Nxc3 7. bxc3 O-O 8.
Qb3 b6 9. Bd3 Bb7 10. Bg5 Nd7 11. Qc2 c5 12. O-O cxd4 13. cxd4 Rc8 14. Qd2 Nc5
15. dxc5 Bxa1 16. Rxa1 Rxc5 17. Rd1 Qc7 18. Be3 Rh5 19. Bf4 Qd7 20. Qb4 Rd8 21.
Bg5 Rxg5 22. Nxg5 Ba6 23. Nxf7 Rc8 24. Ne5 Qb7 25. Qb3+ Kg7 26. Bxa6 Qxa6 27.
Qf7+ Kh6 28. Ng4+ Kh5 29. f3 Rc5 30. Qxh7+ Kg5 31. Qh6# {Black checkmated} 1-0 
aics%

[Event "Team 45 45 League T29"]
[Site "Internet Chess Club"]
[Date "2005.12.24"]
[Round "2"]
[White "Avedldesierto"]
[Black "burnsja2003"]
[Result "1-0"]
[WhiteElo "1747"]
[BlackElo "1738"]
[TimeControl "2700+45"]

1. e4 c5 2. Nf3 e6 3. d4 cxd4 4. Nxd4 Nc6 5. Be3 d6 6. Bb5 Bd7 7. Qe2 Nf6 8. Nc3
Be7 9. O-O O-O 10. h3 a6 11. Nxc6 bxc6 12. Bxa6 e5 13. Bc4 Rb8 14. b3 Ra8 15. a4
Qc8 16. f3 Be6 17. Rfd1 Rd8 18. Bxe6 Qxe6 19. Bf2 Nh5 20. g4 Nf4 21. Qf1 Qh6 22.
Kh2 Qe6 23. Ne2 Ng6 24. Rd3 d5 25. exd5 Rxd5 26. Nc3 Rxd3 27. Qxd3 Rd8 28. Qf5
Rd2 29. Qxe6 fxe6 30. Ne4 Rxc2 31. a5 Rxf2+ 32. Nxf2 Bc5 33. Ne4 Ba7 34. Nd6 Ne7
35. b4 g6 36. b5 cxb5 37. Nxb5 Bd4 38. Ra2 Kf7 39. a6 Nc6 40. a7 Nxa7 41. Nxd4
exd4 42. Rxa7+ Kf6 43. Rxh7 Ke5 44. Rd7 g5 45. Kg3 {Black resigns} 1-0  aics%

[Event "Team 45 45 League T29"]
[Site "Internet Chess Club"]
[Date "2005.12.26"]
[Round "2"]
[White "GolferBob"]
[Black "kamu"]
[Result "1-0"]
[WhiteElo "1724"]
[BlackElo "1644"]
[TimeControl "2700+45"]

1. d4 d5 2. Nf3 Nf6 3. Bf4 e6 4. e3 a6 5. Bd3 c5 6. c3 Bd7 7. O-O Bb5 8. Re1
Bxd3 9. Qxd3 c4 10. Qc2 Be7 11. Nbd2 O-O 12. e4 dxe4 13. Nxe4 Nd5 14. Bg3 f5 15.
Bxb8 Rxb8 16. Ned2 Qd6 17. Nxc4 Qc7 18. Nce5 Bd6 19. Qe2 b5 20. a3 Nf6 21. Rac1
Qb6 22. Nd2 Bxe5 23. Qxe5 Rfe8 24. Nb3 Nd5 25. Nc5 Rbd8 26. Re2 Nc7 27. Rce1 Rd5
28. Qf4 Rd6 29. h4 Nd5 30. Qh2 Nf6 31. Qf4 Nd5 32. Qf3 Re7 33. Re5 Kf7 34. Qh5+
Kg8 35. Qg5 {Black forfeits on time} 1-0  aics%

[Event "Team 45 45 League T29"]
[Site "Internet Chess Club"]
[Date "2005.12.30"]
[Round "2"]
[White "Rossinantes"]
[Black "tryany1"]
[Result "1-0"]
[WhiteElo "2337"]
[BlackElo "2121"]
[TimeControl "2700+45"]

1. d4 Nf6 2. c4 c5 3. d5 e6 4. Nc3 exd5 5. cxd5 d6 6. e4 g6 7. Bd3 Bg7 8. h3 O-O
9. Nf3 Re8 10. O-O Na6 11. Nd2 Nc7 12. a4 b6 13. Re1 Rb8 14. Nc4 Ba6 15. Na3
Bxd3 16. Qxd3 Nd7 17. f4 a6 18. Nc4 Nf6 19. Bd2 b5 20. axb5 axb5 21. Na5 c4 22.
Qf3 Qd7 23. Nc6 Ra8 24. Rxa8 Rxa8 25. e5 dxe5 26. fxe5 Nfe8 27. d6 Kf8 28. dxc7
Qxd2 29. Rd1 Qxb2 30. Nd8 Nxc7 31. Qxf7# {Black checkmated} 1-0  aics%

[Event "Team 45 45 League T29"]
[Site "Internet Chess Club"]
[Date "2005.12.23"]
[Round "2"]
[White "jonesey"]
[Black "f5"]
[Result "0-1"]
[WhiteElo "2039"]
[BlackElo "2295"]
[TimeControl "2700+45"]

1. e4 c5 2. c4 Nc6 3. Nc3 g6 4. g3 Bg7 5. Bg2 d6 6. Nge2 Nf6 7. d3 Bd7 8. h3 Rb8
9. Be3 a6 10. d4 cxd4 11. Nxd4 O-O 12. O-O Nxd4 13. Bxd4 Qc8 14. e5 Ne8 15. exd6
e5 16. Nd5 Qxc4 17. Nb6 Qe6 18. Bc5 Nf6 19. Qd2 Rfd8 20. Rae1 Bb5 21. f4 Bxf1
22. Rxe5 Qxa2 23. Bxf1 Nd7 24. Bc4 Nxe5 25. fxe5 Qb1+ 26. Kh2 Bxe5 27. Bxf7+ Kg7
28. Bd4 Qe4 {White resigns} 0-1  aics%

[Event "Team 45 45 League T29"]
[Site "Internet Chess Club"]
[Date "2005.12.29"]
[Round "2"]
[White "WesleyCrusher"]
[Black "virginiaknight"]
[Result "0-1"]
[WhiteElo "2100"]
[BlackElo "2129"]
[TimeControl "2700+45"]

1. e4 c5 2. Nf3 d6 3. Bb5+ Nd7 4. O-O Nf6 5. Re1 a6 6. Bf1 Ne5 7. h3 Nxf3+ 8.
Qxf3 e5 9. Nc3 Be6 10. d3 Be7 11. a4 b6 12. b3 O-O 13. g4 b5 14. Bb2 Qb6 15. Qe3
Nd7 16. Nd5 Bxd5 17. exd5 h6 18. Bg2 Bg5 19. Qe2 Qc7 20. axb5 axb5 21. Bc3 Rfb8
22. Bd2 Qd8 23. Be3 b4 24. Qd2 Nf8 25. f4 exf4 26. Bxf4 Bf6 27. Rxa8 Rxa8 28.
Qe2 Ng6 29. Bg3 Bc3 30. Rf1 Qe8 31. Qxe8+ Rxe8 32. Bxd6 Bd4+ 33. Kh1 Re2 34. Be4
Rxc2 35. Bxg6 fxg6 36. Rf8+ Kh7 37. Bg3 Rc3 38. Rf3 c4 39. Be1 Rc1 40. Rf1 cxb3
{White resigns} 0-1  aics%

[Event "Team 45 45 League T29"]
[Site "Internet Chess Club"]
[Date "2006.01.02"]
[Round "2"]
[White "ikalel"]
[Black "trevor21"]
[Result "1/2-1/2"]
[WhiteElo "1946"]
[BlackElo "2092"]
[TimeControl "2700+45"]

1. e4 e6 2. Nf3 d5 3. Nc3 Nf6 4. exd5 exd5 5. d4 Bg4 6. h3 Bh5 7. Bg5 Be7 8. g4
Bg6 9. Qd2 Ne4 10. Nxe4 Bxe4 11. Bxe7 Qxe7 12. O-O-O Qf6 13. Bg2 O-O 14. g5 Qa6
15. Kb1 Nc6 16. Nh4 Bxg2 17. Nxg2 Rfe8 18. Rde1 Qa4 19. c3 Na5 20. Ne3 Nc4 21.
Nxc4 Qxc4 22. Rxe8+ Rxe8 23. Re1 Rxe1+ 24. Qxe1 Qd3+ 25. Kc1 Kf8 26. Qe5 Qc4 27.
Kc2 Qc6 28. f4 f6 29. gxf6 gxf6 30. Qf5 Kg7 31. Qg4+ Kf7 32. h4 Qe6 33. f5 Qe3
34. Qh5+ Kg7 35. Qg4+ Kf7 36. Qh5+ {Game drawn by mutual agreement} 1/2-1/2 
aics%

[Event "Team 45 45 League T29"]
[Site "Internet Chess Club"]
[Date "2006.01.03"]
[Round "2"]
[White "Quoyle"]
[Black "iwulu"]
[Result "0-1"]
[WhiteElo "2441"]
[BlackElo "2224"]
[TimeControl "2700+45"]

1. d4 d5 2. c4 c6 3. Nc3 Nf6 4. e3 e6 5. Nf3 Nbd7 6. Qc2 Bd6 7. Be2 O-O 8. O-O
dxc4 9. Bxc4 b5 10. Bd3 Bb7 11. e4 e5 12. Rd1 Qe7 13. h3 a6 14. Bg5 h6 15. Bh4
Rac8 16. a4 Rfd8 17. Ne2 g6 18. dxe5 Nxe5 19. Nxe5 Qxe5 20. f4 Qc5+ 21. Kh1 Qxc2
22. Bxc2 Be7 23. e5 Nd5 24. Bxe7 Nxe7 25. Be4 b4 26. Kg1 Ba8 27. Rd6 c5 28. Bxa8
Rxa8 29. Rad1 Nc6 30. Kf2 Kf8 31. Ng3 Rxd6 32. Rxd6 Na5 33. Rd5 Nc4 34. Ne4 Nxb2
35. Nxc5 a5 36. Nb3 Nxa4 37. Rxa5 Rxa5 38. Nxa5 Nc5 39. Nc4 b3 40. Nb2 Ke7 41.
Ke3 f6 42. exf6+ Kxf6 43. g4 h5 44. Kd4 Ne6+ 45. Ke4 h4 46. g5+ Kf7 47. Ke5 Ng7
48. Nc4 Nf5 49. Nb2 Ng3 50. Nd3 Ne2 51. f5 Ng1 52. fxg6+ Kxg6 53. Kf4 Nxh3+ 54.
Kf3 Kxg5 {White resigns} 0-1  aics%

[Event "Team 45 45 League T29"]
[Site "Internet Chess Club"]
[Date "2006.01.02"]
[Round "2"]
[White "SkinnyPuppy"]
[Black "phoenix10q72"]
[Result "1/2-1/2"]
[WhiteElo "2182"]
[BlackElo "2304"]
[TimeControl "2700+45"]

1. e4 c5 2. Nc3 g6 3. f4 Bg7 4. Nf3 Nc6 5. Bb5 Nd4 6. Bd3 d6 7. Nxd4 cxd4 8. Ne2
Nf6 9. Nxd4 Nxe4 10. Bxe4 Bxd4 11. c3 Bg7 12. Qf3 Qb6 13. d4 O-O 14. f5 Bxf5 15.
Bxf5 gxf5 16. Qxf5 e6 17. Qf2 f5 18. Bg5 Rae8 19. O-O Qb5 20. Qc2 h6 21. Bh4 Qc4
22. Qb3 Qxb3 23. axb3 a6 24. Rf3 Kh7 25. Raf1 Kg6 26. Rg3+ Kh7 27. Rgf3 Rf7 28.
g4 Ref8 29. Bg3 d5 30. Bd6 Rd8 31. Bb4 Kg6 32. Kg2 Re8 33. Bd6 Rd7 34. gxf5+
exf5 35. Ba3 Rf7 36. Rg3+ Kh7 37. Kf3 Bf6 38. Bd6 Bg5 39. Bf4 Bxf4 40. Kxf4 Re4+
41. Kf3 f4 42. Rg4 Re3+ 43. Kg2 f3+ 44. Kg3 f2+ 45. Kg2 Re2 46. c4 Rxb2 47. cxd5
Rxb3 48. Rxf2 Rxf2+ 49. Kxf2 Rb5 50. Ke3 Rxd5 51. Ke4 Rd7 52. d5 b5 53. Ke5 a5
54. Ke6 Ra7 55. d6 a4 56. d7 Ra8 57. Kf7 {Game drawn by mutual agreement}
1/2-1/2  aics%

[Event "Team 45 45 League T29"]
[Site "Internet Chess Club"]
[Date "2005.12.27"]
[Round "2"]
[White "jorobo"]
[Black "chesskilleruk"]
[Result "1-0"]
[WhiteElo "2133"]
[BlackElo "2284"]
[TimeControl "2700+45"]

1. c4 c6 2. d4 d6 3. Nc3 Nd7 4. Nf3 e5 5. e4 Ngf6 6. Be2 Be7 7. O-O O-O 8. Re1
Re8 9. Bf1 Qc7 10. Rb1 a5 11. a3 Nf8 12. h3 Ng6 13. g3 Bd7 14. b4 axb4 15. axb4
h6 16. Kh2 Ra7 17. b5 Ra5 18. Be3 Ra3 19. b6 Qc8 20. Qc1 Ra8 21. Qb2 Nh7 22. Ra1
Rxa1 23. Rxa1 Rf8 24. dxe5 dxe5 25. Ra7 f5 26. Na4 fxe4 27. Nxe5 Bf6 28. Nxg6
Bxb2 29. Ne7+ Kh8 30. Nxc8 Bxc8 31. Nxb2 Ng5 32. Bg2 {Black resigns} 1-0  aics%

[Event "Team 45 45 League T29"]
[Site "Internet Chess Club"]
[Date "2006.01.05"]
[Round "2"]
[White "searchforbobby1"]
[Black "Irvin"]
[Result "1-0"]
[WhiteElo "2164"]
[BlackElo "1810"]
[TimeControl "2700+45"]

1. e4 c5 2. c3 d5 3. exd5 Qxd5 4. d4 Nc6 5. Nf3 Bg4 6. Be2 cxd4 7. cxd4 e6 8.
Nc3 Qd8 9. O-O Nf6 10. h3 Bh5 11. Qb3 Qb6 12. Qxb6 axb6 13. g4 Bg6 14. Nb5 Nd5
15. Bc4 O-O-O 16. Be3 h5 17. g5 Nxe3 18. fxe3 Bb4 19. Nh4 Rhe8 20. Nxg6 fxg6 21.
a3 Bd6 22. Rf7 Rd7 23. Raf1 Bg3 24. Rf8 Rxf8 25. Rxf8+ Rd8 26. Bxe6+ Kb8 27. Rf7
Bh4 28. Rxg7 Bxg5 29. Kf2 Re8 30. d5 Ne5 31. Nd6 Re7 32. Rg8+ Kc7 33. Nb5#
{Black checkmated} 1-0  aics%

[Event "Team 45 45 League T29"]
[Site "Internet Chess Club"]
[Date "2006.01.02"]
[Round "2"]
[White "quangliem"]
[Black "akdog3"]
[Result "1-0"]
[WhiteElo "2367"]
[BlackElo "2202"]
[TimeControl "2700+45"]

1. d4 e6 2. c4 f5 3. g3 Nf6 4. Bg2 Be7 5. Nd2 O-O 6. Qc2 d6 7. Ngf3 Nc6 8. O-O
e5 9. d5 Nb4 10. Qc3 Na6 11. b4 Qe8 12. Bb2 Bd7 13. a4 Qh5 14. e3 Kh8 15. Ne1
Ng8 16. Nd3 Bf6 17. Qb3 Rae8 18. c5 Bc8 19. Nc4 Rd8 20. b5 Nxc5 21. Nxc5 dxc5
22. Nxe5 Be7 23. Rad1 Bd6 24. f4 Nf6 25. Rfe1 Rde8 26. h3 Ne4 27. g4 Qh4 28. Qc2
Qg3 29. Re2 fxg4 30. Qxe4 Bf5 31. Nf7+ {Black resigns} 1-0  aics%

[Event "Team 45 45 League T29"]
[Site "Internet Chess Club"]
[Date "2005.12.25"]
[Round "2"]
[White "syy89"]
[Black "MrPetrov"]
[Result "1/2-1/2"]
[WhiteElo "2083"]
[BlackElo "2259"]
[TimeControl "2700+45"]

1. e4 e5 2. Nf3 Nf6 3. Nxe5 d6 4. Nf3 Nxe4 5. d4 d5 6. Bd3 Bd6 7. O-O O-O 8. Re1
Re8 9. c4 c6 10. Nc3 Nxc3 11. bxc3 Rxe1+ 12. Qxe1 h6 13. h3 Be6 14. cxd5 cxd5
15. a4 Nc6 16. Ba3 b6 17. Bb5 Na5 18. Ne5 Rc8 19. f4 Bxa3 20. Rxa3 Qd6 21. Ra2
Bf5 22. Re2 Qa3 23. Re3 Be4 24. Kh2 Qb2 25. Qg3 Qd2 26. Ng4 Kh8 27. Nf2 f5 28.
Nxe4 fxe4 29. f5 Rf8 30. Re2 Qc1 31. Rf2 e3 32. Re2 Qxc3 33. Qxe3 Qc8 34. g4 a6
35. Be8 Qb8+ 36. Kg2 Nc4 37. Qe7 Qd6 38. Qxd6 Nxd6 39. Bc6 Rd8 40. Rb2 Nc4 41.
Re2 Na5 42. Re8+ Rxe8 43. Bxe8 Nb3 44. Bf7 b5 45. axb5 axb5 46. Kf2 Nxd4 47.
Bxd5 b4 48. Ke3 Nb5 49. Kd3 Nd6 50. Kc2 g6 51. f6 g5 52. Kb3 Kh7 53. Kxb4 Kg6
54. Kc5 Nf7 55. Bxf7+ Kxf7 56. Kd5 Kxf6 57. Kd6 Kg6 58. Ke6 h5 59. Ke5 Kh6 60.
Kf5 hxg4 61. hxg4 Kh7 62. Kxg5 Kg7 63. Kh5 Kh7 64. g5 Kg7 65. g6 Kg8 66. Kh6 Kh8
67. g7+ Kg8 68. Kg6 {Black stalemated} 1/2-1/2  aics%

[Event "Team 45 45 League T29"]
[Site "Internet Chess Club"]
[Date "2005.12.23"]
[Round "2"]
[White "vutru"]
[Black "DTK"]
[Result "0-1"]
[WhiteElo "2227"]
[BlackElo "2119"]
[TimeControl "2700+45"]

1. d4 Nf6 2. c4 c5 3. d5 b5 4. cxb5 a6 5. b6 e6 6. Nc3 Nxd5 7. Nxd5 exd5 8. Qxd5
Nc6 9. Bg5 Qxb6 10. Qe4+ Be7 11. Bxe7 Nxe7 12. O-O-O Rb8 13. Rd2 d5 14. Qe5 f6
15. Qe3 Bf5 16. g4 Bg6 17. f4 Be4 18. Nf3 Qa5 19. a3 c4 20. Nd4 c3 {White
resigns} 0-1  aics%

[Event "Team 45 45 League T29"]
[Site "Internet Chess Club"]
[Date "2005.12.26"]
[Round "2"]
[White "azbycx"]
[Black "Neo-Myshkin"]
[Result "1-0"]
[WhiteElo "1845"]
[BlackElo "1842"]
[TimeControl "2700+45"]

1. d4 Nf6 2. c4 e6 3. Nf3 b6 4. g3 Bb7 5. Bg2 Be7 6. Nc3 O-O 7. O-O d6 8. Qc2
Nbd7 9. e4 e5 10. Rd1 Qe8 11. a3 a6 12. b4 exd4 13. Nxd4 Rb8 14. Bb2 Ne5 15. Nd5
Bd8 16. h3 c6 17. Ne3 g6 18. f4 c5 19. Ndf5 gxf5 20. fxe5 dxe5 21. Nxf5 Bc7 22.
Qd2 Kh8 23. Qg5 Nh5 24. Qxh5 Rg8 25. Rf1 Qe6 26. Nh6 Rg7 27. Nxf7+ Kg8 28. Nh6+
Kh8 29. Ng4 Qxc4 30. Nxe5 Qc2 31. Nf7+ Kg8 32. Nh6+ {Black resigns} 1-0  aics%

[Event "Team 45 45 League T29"]
[Site "Internet Chess Club"]
[Date "2005.12.26"]
[Round "2"]
[White "az2112"]
[Black "bmw2002"]
[Result "0-1"]
[WhiteElo "1596"]
[BlackElo "1586"]
[TimeControl "2700+45"]

1. d4 Nf6 2. c4 g6 3. Nc3 Bg7 4. e4 d6 5. f3 O-O 6. Be3 e5 7. d5 h6 8. Qd2 Kh7
9. Bd3 Na6 10. O-O-O Bd7 11. g4 Ne8 12. h4 Nb4 13. Bb1 a5 14. Nh3 c5 15. Qh2 f6
16. g5 h5 17. gxf6 Nxf6 18. Ng5+ Kg8 19. f4 Ng4 20. Qg3 Nxe3 21. Qxe3 exf4 22.
Qg1 Qf6 23. Rd2 Bh6 24. a3 f3 25. axb4 axb4 26. Nd1 Bg7 27. Nxf3 Qxf3 28. Rf2
Bh6+ 29. Kc2 b3# {White checkmated} 0-1  aics%

[Event "Team 45 45 League T29"]
[Site "Internet Chess Club"]
[Date "2005.12.27"]
[Round "2"]
[White "GoIrish"]
[Black "qs16"]
[Result "1-0"]
[WhiteElo "1599"]
[BlackElo "1633"]
[TimeControl "2700+45"]

1. Nf3 d5 2. g3 e6 3. Bg2 Nf6 4. O-O Bd6 5. d3 e5 6. Nbd2 c5 7. e4 d4 8. Nc4 Qe7
9. Nxd6+ Qxd6 10. Nh4 Nc6 11. a3 O-O 12. f4 Bg4 13. Qe1 b5 14. f5 c4 15. h3 Bh5
16. Bg5 a5 17. Bxf6 Qxf6 18. g4 c3 19. b3 b4 20. a4 Nb8 21. gxh5 Nd7 22. Nf3 Qh6
23. Qc1 Qb6 24. Nh2 Nf6 25. Bf3 Ra6 26. h6 g6 27. Qg5 Kh8 28. Ng4 Nh5 29. Qe7
Rg8 30. Qxe5+ f6 31. Qh2 g5 32. Rae1 Nf4 33. h4 Qb8 34. e5 fxe5 35. Rxe5 Nh5 36.
Rfe1 gxh4 37. Qxh4 Rxh6 38. Kf2 Qd8 39. Qxd8 Rxd8 40. Nxh6 Nf6 {Black resigns}
1-0  aics%

[Event "Team 45 45 League T29"]
[Site "Internet Chess Club"]
[Date "2005.12.26"]
[Round "2"]
[White "GadsHill"]
[Black "fredd"]
[Result "0-1"]
[WhiteElo "1588"]
[BlackElo "1538"]
[TimeControl "2700+45"]

1. d4 Nf6 2. c4 d6 3. Nc3 g6 4. e4 Nc6 5. Be2 Bg7 6. Nf3 O-O 7. O-O e5 8. d5 Ne7
9. Bg5 h6 10. Bh4 g5 11. Bg3 Nd7 12. Nd2 f5 13. f3 Nf6 14. b4 c6 15. dxc6 bxc6
16. Bf2 Nd7 17. Qb3 c5 18. bxc5 Rb8 19. Qa3 dxc5 20. exf5 Nxf5 21. Nde4 Nd4 22.
Rac1 Qb6 23. Rb1 Nxe2+ 24. Kh1 Qa6 25. Bxc5 Nxc5 26. Qxa6 Bxa6 27. Nxc5 Rxb1 28.
Rxb1 Nxc3 29. Rb3 Rd8 30. h3 Bxc4 31. Rxc3 Bxa2 32. Ra3 Bf8 33. Rxa2 Bxc5 34.
Ra5 Bf2 35. Rxe5 Bg3 {White resigns} 0-1  aics%

[Event "Team 45 45 League T29"]
[Site "Internet Chess Club"]
[Date "2005.12.23"]
[Round "2"]
[White "Zyme"]
[Black "hansolo1000"]
[Result "0-1"]
[WhiteElo "1503"]
[BlackElo "1585"]
[TimeControl "2700+45"]

1. d4 Nf6 2. c4 g6 3. Nc3 d5 4. cxd5 Nxd5 5. e4 Nxc3 6. bxc3 Bg7 7. Bc4 c5 8.
Ne2 O-O 9. O-O cxd4 10. cxd4 Nc6 11. Bb2 e6 12. Rb1 a6 13. Qd2 b5 14. Bb3 Bb7
15. Rfd1 Na5 16. Bc2 Nc4 17. Qb4 Rc8 18. Ba1 Nd6 19. f3 Rxc2 {White resigns} 0-1
 aics%

[Event "Team 45 45 League T29"]
[Site "Internet Chess Club"]
[Date "2005.12.23"]
[Round "2"]
[White "C-Jones"]
[Black "cayo89"]
[Result "1/2-1/2"]
[WhiteElo "1624"]
[BlackElo "1707"]
[TimeControl "2700+45"]

1. e4 e6 2. d4 d5 3. exd5 exd5 4. Nf3 Nf6 5. Nc3 c6 6. Bd3 Bd6 7. O-O O-O 8. h3
Re8 9. Re1 Rxe1+ 10. Qxe1 Nbd7 11. Bg5 Qc7 12. Bf5 h6 13. Be3 Nf8 14. Bd3 Bd7
15. Qd2 Ne6 16. Bxh6 gxh6 17. Qxh6 Qd8 18. Ng5 Nxg5 19. Qxg5+ Kf8 20. Qh6+ Kg8
21. Qg5+ Kf8 22. Qh6+ Kg8 23. Qg5+ Kf8 {Game drawn by repetition} 1/2-1/2  aics%

[Event "Team 45 45 League T29"]
[Site "Internet Chess Club"]
[Date "2005.12.24"]
[Round "2"]
[White "crankn8tr"]
[Black "Fegary"]
[Result "1-0"]
[WhiteElo "1535"]
[BlackElo "1620"]
[TimeControl "2700+45"]

1. e4 d6 2. d4 Nf6 3. Nc3 g6 4. f4 Bg7 5. Nf3 Bg4 6. h3 Bxf3 7. Qxf3 Nc6 8. Be3
O-O 9. O-O-O a5 10. e5 dxe5 11. dxe5 Nd7 12. e6 fxe6 13. Bc4 Kf7 14. Bxe6+ Kxe6
15. Qd5+ Kf6 16. Ne4# {Black checkmated} 1-0  aics%

[Event "Team 45 45 League T29"]
[Site "Internet Chess Club"]
[Date "2006.01.03"]
[Round "2"]
[White "PostMike"]
[Black "AVEMARIA"]
[Result "0-1"]
[WhiteElo "1497"]
[BlackElo "1578"]
[TimeControl "2700+45"]

1. e4 c5 2. Nf3 e6 3. d4 cxd4 4. Nxd4 a6 5. Bd3 Qc7 6. O-O Nf6 7. c4 Nc6 8. Nb3
Be7 9. Be3 Ne5 10. Bf4 Bd6 11. Bxe5 Bxe5 12. Qc2 Bxh2+ 13. Kh1 Bd6 14. c5 Be7
15. f4 g6 16. e5 Nd5 17. Qf2 Nb4 18. Be4 a5 19. Rc1 Nc6 20. a4 O-O 21. Nc3 Na7
22. Ne2 f6 23. exf6 Bxf6 24. Nbd4 e5 25. fxe5 Qxe5 26. Qf3 Bg5 27. Qb3+ Kg7 28.
Bxb7 Bxc1 29. Rxc1 Rb8 30. c6 Nxc6 {White resigns} 0-1  aics%

[Event "Team 45 45 League T29"]
[Site "Internet Chess Club"]
[Date "2006.01.02"]
[Round "2"]
[White "SeniorCitizen"]
[Black "chesskix"]
[Result "0-1"]
[WhiteElo "1366"]
[BlackElo "1389"]
[TimeControl "2700+45"]

1. e4 c5 2. Nf3 e6 3. d4 cxd4 4. Nxd4 a6 5. Nc3 g6 6. Bd3 Bg7 7. Be3 Ne7 8. Qc1
e5 9. Nb3 Nbc6 10. O-O h6 11. Nd5 Nxd5 12. exd5 Nd4 13. Bxd4 exd4 14. Re1+ Kf8
15. Qf4 d6 16. Bxg6 Qf6 17. Qxf6 Bxf6 18. Bd3 Bd7 19. Na5 Rb8 20. Nc4 Be7 21.
Re4 b5 22. Nd2 Bf6 23. Nf3 Bf5 24. Ree1 Bg4 25. Nd2 Rg8 26. Ne4 Be5 27. Ng3 Re8
28. Be2 Bc8 29. Rab1 Bb7 30. Bf3 Bc8 31. Re2 b4 32. Rbe1 a5 33. Ne4 Bd7 34. b3
Bb5 35. Rd2 d3 36. cxd3 Bc3 {White resigns} 0-1  aics%

[Event "Team 45 45 League T29"]
[Site "Internet Chess Club"]
[Date "2005.12.26"]
[Round "2"]
[White "klendathu"]
[Black "Chessnut"]
[Result "1/2-1/2"]
[WhiteElo "1660"]
[BlackElo "1785"]
[TimeControl "2700+45"]

1. d4 d5 2. c4 c6 3. Nc3 Nf6 4. a4 e6 5. Bg5 Nbd7 6. Nf3 Qa5 7. c5 b6 8. cxb6
axb6 9. Bd2 Bb4 10. Qc2 O-O 11. e3 Ba6 12. Bd3 Bxd3 13. Qxd3 c5 14. dxc5 bxc5
15. O-O c4 16. Qc2 Rfb8 17. Rfb1 Nc5 18. Nd4 Qb6 19. Ndb5 Nb3 20. Ra2 Nxd2 21.
Qxd2 Ne4 22. Qc2 Nc5 23. Rd1 Bxc3 24. Nxc3 Qb3 25. Qxb3 Rxb3 26. Nb5 Rb4 27. Nc3
g6 28. g3 Kf8 29. Kg2 Ke7 30. Kf3 h5 31. h4 f6 32. e4 dxe4+ 33. Nxe4 Nxe4 34.
Kxe4 Raxa4 35. Rxa4 Rxa4 36. Kd4 Rb4 37. Kc3 Rb3+ 38. Kxc4 Rxb2 39. f4 Rb6 40.
Rd3 Rd6 41. Re3 Rd5 42. Kb4 Kd6 43. Kc4 e5 44. fxe5+ Rxe5 45. Rf3 f5 46. Rd3+
Ke6 47. Ra3 Re4+ 48. Kd3 Rg4 49. Ra6+ Kd5 50. Ra5+ Kc6 51. Ra6+ Kb5 52. Rf6
Rxg3+ 53. Kd4 Rg4+ 54. Ke5 Kc4 55. Rd6 Kc5 56. Rd8 Rxh4 57. Rc8+ Kb6 58. Rb8+
Kc7 59. Rb1 Rg4 60. Rc1+ Kd7 61. Rd1+ Ke7 62. Ra1 Kf7 63. Ra7+ Kg8 64. Kf6 Kh8
65. Ra8+ Kh7 66. Ra7+ Kh6 67. Ra8 Kh7 68. Ra7+ Kg8 69. Ra8+ Kh7 70. Ra7+ {Game
drawn by repetition} 1/2-1/2  aics%

[Event "Team 45 45 League T29"]
[Site "Internet Chess Club"]
[Date "2005.12.27"]
[Round "2"]
[White "RingLord"]
[Black "MPknight"]
[Result "1/2-1/2"]
[WhiteElo "1671"]
[BlackElo "1641"]
[TimeControl "2700+45"]

1. e4 c6 2. d4 d5 3. e5 Bf5 4. g4 Bg6 5. f4 Be4 6. Nf3 e6 7. Nbd2 Be7 8. Nxe4
dxe4 9. Ng5 Bxg5 10. fxg5 h6 11. gxh6 Qh4+ 12. Kd2 Qf2+ 13. Qe2 Qxd4+ 14. Ke1
Nxh6 15. Bg2 Qxe5 16. Bxe4 Nd7 17. Bf3 Qxe2+ 18. Kxe2 Ne5 19. Bf4 Nxf3 20. Kxf3
Ke7 21. Rad1 Rad8 22. h3 Rxd1 23. Rxd1 Rd8 24. Rxd8 Kxd8 25. Kg3 Ke7 26. Bxh6
gxh6 27. Kh4 Kf6 28. Kg3 Kg6 29. Kf4 f6 30. h4 h5 31. b3 e5+ 32. Kf3 hxg4+ 33.
Kxg4 f5+ 34. Kg3 Kh5 35. a4 b6 36. b4 a6 37. c4 f4+ 38. Kf3 Kxh4 39. b5 axb5 40.
c5 bxc5 41. a5 b4 42. a6 b3 43. a7 b2 44. a8=Q b1=Q 45. Qh8+ Kg5 46. Qg7+ Qg6
47. Qxe5+ Qf5 48. Qe7+ Kh5 49. Qe8+ Kg5 50. Qe7+ Kh5 51. Qe8+ Kg5 52. Qe7+ Kh5
53. Qe8+ {Game drawn by repetition} 1/2-1/2  aics%